 Dungeon Sprint DCSS version 0.14-a0-1969-g2c76abe (webtiles) character file.

19087 Bloax the Bludgeoner (level 12, 0/128 HPs)
             Began as a Troll Monk on Jan 16, 2014.
             Was the Champion of Dithmengos.
             Slain by a vampire knight
             ... wielding a +0,+0 bardiche
              (26 damage)
             ... in the Dungeon (Sprint V: "Ziggurat Sprint").
             The game lasted 00:09:36 (511 turns).

Bloax the Bludgeoner (Troll Monk)                    Turns: 511, Time: 00:09:36

HP   0/128       AC 25     Str 36      XL: 12   Next: 33%
MP  18/18        EV 14     Int  8      God: Dithmengos [******]
Gold 0           SH  0     Dex 14      Spells:  2 memorised, 16 levels left

rFire  x . .     SeeInvis +     a - +6 dark maul {crush}
rCold  + + .     Clarity  +     n - +5 ice dragon armour
rNeg   . . .     Conserve .     (shield restricted)
rPois  .         rCorr    .     t - +3 crown of Dyrovepreva {Hunger rElec Int+2 SInv}
rElec  +         rRot     .     (no cloak)
SustAb . .       Spirit   .     (gloves unavailable)
rMut   .         Warding  .     (boots unavailable)
Gourm  +         NoTele   +     I - amulet of clarity
MR     .....                    m - +6 ring of strength
                                l - +6 ring of strength

@: very slightly contaminated, hasted, wreathed by umbra, very quick, not
resistant to hostile enchantments, extremely unstealthy
A: unfitting armour, claws 3, fast metabolism 3, gourmand, regeneration 2,
saprovore 2, shaggy fur 1, tough skin 2
a: Shadow Step, Shadow Form, Renounce Religion


You were in the Dungeon.
You worshipped Dithmengos.
Dithmengos was exalted by your worship.
You were full.

You visited 1 branch


Innate Abilities, Weirdness & Mutations

You are too large for most types of armour.
You have claws for hands.
Your metabolism is lightning-fast.
You like to eat raw meat.
You heal very quickly.
You can eat rotten meat.
You are covered in fur (AC +1).
You have very tough skin (AC +2).


   Skills:
 - Level 10.6 Fighting
 + Level 16.5 Maces & Flails
 + Level 12.2 Armour
 + Level 11.1 Dodging
 - Level 1.1 Stealth
 - Level 4.0 Unarmed Combat
 + Level 4.0 Spellcasting
 - Level 5.9 Translocations
 - Level 7.0 Evocations


You had 16 spell levels left.
You knew the following spells:

 Your Spells              Type           Power        Failure   Level  Hunger
a - Blink                 Tloc           N/A          6%          2    ###....
b - Apportation           Tloc           ##........   3%          1    #......


Dungeon Overview and Level Annotations

Branches:
Dungeon (1/1)

Altars:
Ashenzari
Cheibriados
Dithmengos
Elyvilon
Fedhas
Kikubaaqudgha
Makhleb
Nemelex Xobeh
Okawaru
Sif Muna
Trog
Vehumet
Xom
Yredelemnul
Zin
the Shining One
Beogh
Jiyva
Lugonu

Inventory:

Hand weapons
 a - the +6,+6 dark maul (weapon) {crush}
   (You found it in the Dungeon)

   It inflicts extra damage upon your enemies.
 o - the +4,+8 shillelagh "Devastator"
   (You found it in the Dungeon)
Armour
 n - a +5 ice dragon armour (worn)
   (You found it in the Dungeon)
 t - the +3 crown of Dyrovepreva (worn) {Hunger rElec Int+2 SInv}
   (You found it in the Dungeon)

   It affects your intelligence (+2).
   It insulates you from electricity.
   It enhances your eyesight.
   It speeds your metabolism.
Magical devices
 i - a wand of disintegration (7)
   (You found it in the Dungeon)
 j - a wand of cold (4)
   (You found it in the Dungeon)
 k - a wand of draining (5)
   (You found it in the Dungeon)
Comestibles
 b - 6 meat rations
 B - 42 strawberries
 C - 2 bread rations
Scrolls
 h - 4 scrolls of blinking
 w - 4 scrolls of amnesia
 x - 3 scrolls of recharging
 y - 7 scrolls of fog
 z - 5 scrolls of identify
 A - 5 scrolls of remove curse
 D - 2 scrolls of fear
 E - a scroll of holy word
Jewellery
 l - a +6 ring of strength (left claw)
   (You found it in the Dungeon)
 m - a +6 ring of strength (right claw)
   (You found it in the Dungeon)
 F - the ring "Prumue Riff" {Wiz rElec rC+}
   (You found it in the Dungeon)

   [ring of wizardry]

   It protects you from cold.
   It insulates you from electricity.
 I - an amulet of clarity (around neck)
   (You found it in the Dungeon)
 M - the ring of Wiucail {rF+ Dex+4 Int+1}
   (You found it in the Dungeon)

   [ring of protection from fire]

   It affects your intelligence (+1).
   It affects your dexterity (+4).
 N - an uncursed amulet of resist mutation
   (You found it in the Dungeon)
Potions
 c - 10 potions of curing
 d - 5 potions of heal wounds
 e - 5 potions of speed
 f - 7 potions of magic
 g - 3 potions of berserk rage
 p - 2 potions of brilliance
 q - 2 potions of invisibility
 r - 2 potions of restore abilities
 s - 4 potions of resistance
 u - 5 potions of agility
 v - 4 potions of might
Books
 G - a book of the Warp
   (You found it in the Dungeon)

   Spells                             Type                      Level
   Recall                             Summoning/Translocation      3
   Control Teleport                   Charms/Translocation         4
   Phase Shift                        Translocation                5
   Warp Weapon                        Charms/Translocation         5
   Dispersal                          Translocation                6
   Controlled Blink                   Translocation                7
   Disjunction                        Translocation                8
 L - a book of Spatial Translocations
   (You found it in the Dungeon)

   Spells                             Type                      Level
   *Apportation                       Translocation                1
   Portal Projectile                  Translocation                2
   *Blink                             Translocation                2
   Shroud of Golubria                 Charms/Translocation         2
   Teleport Other                     Translocation                3
   Passage of Golubria                Translocation                4
Miscellaneous
 H - a disc of storms
   (You found it in the Dungeon)
 J - a phial of floods
   (You found it in the Dungeon)
 O - a phial of floods
   (You found it in the Dungeon)
Rods
 K - a +4 rod of warding (13/13) {!a}
   (You found it in the Dungeon)

:)[:})...#.#....#.#.#...
..|..[|)..#........#.....
.......zp¤¤###############
#.......¤¤¤¤#...8^8...#..8^
#......n.@pM#..).:}...#...:
#.......!VzV#...=[....#..))
..#.....#¤V#.....%...#....
##...###z#....%%...#....
#..#.....#@¤#.........#..).
#........¤¤¤#.........#....
#############.#.....#.#.#..
#...¤8¤8....#.........#....
#..¤¤¤¤¤[|..###############
#..¤¤¤Y¤¤...#...8^8...#..8^
#¤.¤bA¤¤....#..).).:..#..|?
#¤¤¤¤A¤.....#..¤¤}}¤..#..}[
#¤¤¤¤¤¤¤.¤..#..¤¤.¤..¤#....


You could see a vampire knight (invisible) and a wight.


Message History

You emit a cloud of dark smoke.
The wight barely misses you.
The skeletal warrior closely misses you.
Unknown command.
Your transformation is almost over.
The vampire mage gestures at you while chanting.
The bolt of negative energy hits you! You resist.
Unknown command.
The shadow hits you.
Unknown command.
Evoke which item? (* to show all) (? for menu, Esc to quit)
Little bolts of electricity crackle over the disc.
The vampire knight hits you but does no damage.
Unknown command.
Unknown command.
Unknown command.
Evoke which item? (* to show all) (? for menu, Esc to quit)
The disc erupts in an explosion of electricity!
The orb of electricity explodes!
The orb of electricity engulfs you! You resist.
* * * LOW HITPOINT WARNING * * *
You emit a cloud of dark smoke.
The orb of electricity engulfs the wight.
You destroy the wight!
Dithmengos accepts your kill.
The orb of electricity engulfs the shadow.
The shadow is severely damaged.
The orb of electricity engulfs the shadow.
The shadow is lightly damaged.
The orb of electricity engulfs the vampire.
You destroy the vampire!
Dithmengos accepts your kill.
The orb of electricity engulfs the vampire mage.
The vampire mage is lightly damaged.
The orb of electricity explodes!
The orb of electricity engulfs you! You resist.
* * * LOW HITPOINT WARNING * * *
You emit a cloud of dark smoke.
The orb of electricity engulfs the shadow.
The shadow is almost destroyed.
The orb of electricity engulfs the shadow.
You destroy the shadow!
Dithmengos accepts your kill.
The orb of electricity engulfs the vampire mage.
The vampire mage is moderately damaged.
The shadow barely misses you.
Unknown command.
Unknown command.
Unknown command.
Unknown command.
You bludgeon the shadow!!
You destroy the shadow!
Dithmengos accepts your kill.
Your Spellcasting skill increases to level 4!
The vampire knight barely misses you.
The vampire mage casts a spell.
The skeletal warrior barely misses you.
Unknown command.
Unknown command.
The flayed ghost closely misses you.
Unknown command.
You flatten the flayed ghost like a pancake!!!
You destroy the flayed ghost!
The shadow completely misses you.
Unknown command.
You hammer the shadow like a gong!!!
You destroy the shadow!
You emerge from the shadows.
The wight closely misses you.
The vampire knight hits you from afar with a bardiche!
You die...

Action                   |  1- 3 |  4- 6 |  7- 9 | 10-12 || total
-------------------------+-------+-------+-------+-------++-------
Melee: Shillelagh        |     3 |    10 |    16 |    50 ||    79
       Maul              |     1 |       |     6 |    60 ||    67
Invok: Shadow Form       |       |       |       |     3 ||     3
Evoke: Wand              |       |     1 |       |       ||     1
       disc of storms    |       |       |       |     2 ||     2
  Use: Potion            |       |       |     6 |     4 ||    10
 Stab: Invisible         |       |       |       |    11 ||    11

Vault maps used:
D:        sprint_v

Notes
Turn   | Place    | Note
--------------------------------------------------------------
     0 | D        | Bloax, the Troll Monk, began the quest for the Orb.
     0 | D        | Reached XP level 1. HP: 22/22 MP: 1/1
     0 | D        | Found an ancient bone altar of Kikubaaqudgha.
     1 | D        | Found a white marble altar of Elyvilon.
     5 | D        | Became a worshipper of Dithmengos
     5 | D        | Acquired Dithmengos' first power
     6 | D        | Found a sparkling altar of Nemelex Xobeh.
     7 | D        | Found a burning altar of Makhleb.
     8 | D        | Found a deep blue altar of Sif Muna.
     8 | D        | Found a bloodstained altar of Trog.
    10 | D        | Found an iron altar of Okawaru.
    19 | D        | Found a basalt altar of Yredelemnul.
    41 | D        | Found a radiant altar of Vehumet.
    64 | D        | Found a shimmering altar of Xom.
    68 | D        | Entered arena 1.
    72 | D        | Reached skill level 1 in Evocations
    77 | D        | Entered arena 2.
    77 | D        | Noticed a quasit
    77 | D        | Noticed a quasit
    80 | D        | Reached skill level 1 in Maces & Flails
    80 | D        | Reached skill level 1 in Armour
    80 | D        | Reached XP level 2. HP: 29/29 MP: 1/1
    80 | D        | Killed a quasit
    80 | D        | Acquired Dithmengos' second power
    80 | D        | Reached skill level 3 in Fighting
    80 | D        | Reached skill level 2 in Maces & Flails
    80 | D        | Reached skill level 2 in Armour
    80 | D        | Reached skill level 2 in Evocations
    80 | D        | Reached XP level 3. HP: 34/37 MP: 3/3
    80 | D        | Killed a quasit
    80 | D        | Reached skill level 4 in Fighting
    80 | D        | Reached skill level 3 in Maces & Flails
    80 | D        | Reached skill level 3 in Evocations
    80 | D        | Reached XP level 4. HP: 41/48 MP: 4/4
    85 | D        | Got the ring "Prumue Riff" {Wiz rElec rC+}
    86 | D        | Entered arena 3.
    86 | D        | Noticed a quasit
    88 | D        | Reached skill level 3 in Armour
    88 | D        | Killed a quasit
    88 | D        | Acquired Dithmengos' third power
    88 | D        | Reached skill level 4 in Maces & Flails
    97 | D        | Entered arena 4.
    97 | D        | Noticed a naga
    97 | D        | Noticed a water moccasin
   101 | D        | Killed a water moccasin
   101 | D        | Acquired Dithmengos' fourth power
   101 | D        | Reached skill level 5 in Fighting
   101 | D        | Reached skill level 6 in Maces & Flails
   101 | D        | Reached skill level 4 in Armour
   101 | D        | Reached XP level 5. HP: 47/57 MP: 4/4
   101 | D        | Killed a naga
   101 | D        | Reached skill level 7 in Maces & Flails
   101 | D        | Reached skill level 5 in Armour
   101 | D        | Reached XP level 6. HP: 53/67 MP: 6/6
   130 | D        | Entered arena 5.
   130 | D        | Noticed a giant amoeba
   130 | D        | Noticed a jelly
   133 | D        | Killed a jelly
   133 | D        | Reached skill level 6 in Fighting
   136 | D        | Killed a giant amoeba
   136 | D        | Reached skill level 7 in Fighting
   136 | D        | Reached skill level 9 in Maces & Flails
   136 | D        | Reached skill level 6 in Armour
   136 | D        | Reached XP level 7. HP: 52/78 MP: 6/6
   143 | D        | Entered arena 6.
   143 | D        | Noticed a phantom
   143 | D        | Noticed a wight
   143 | D        | Noticed a wight
   147 | D        | Killed a wight
   147 | D        | Reached skill level 10 in Maces & Flails
   148 | D        | Killed a wight
   152 | D        | Killed a phantom
   174 | D        | Reached skill level 6 in Dodging
   174 | D        | Reached XP level 8. HP: 81/88 MP: 7/7
   177 | D        | Entered arena 7.
   177 | D        | Noticed a shadow demon
   177 | D        | Noticed an iron imp
   177 | D        | Noticed a large abomination
   177 | D        | Noticed a bone dragon
   182 | D        | Killed an iron imp
   182 | D        | Reached skill level 7 in Armour
   183 | D        | Killed a large abomination
   183 | D        | Reached skill level 8 in Fighting
   183 | D        | Reached skill level 11 in Maces & Flails
   183 | D        | Reached skill level 4 in Evocations
   183 | D        | Reached XP level 9. HP: 56/96 MP: 8/10
   188 | D        | HP: 21/96 [bone dragon (11)]
   189 | D        | Killed a shadow demon
   189 | D        | Reached skill level 8 in Armour
   189 | D        | Reached skill level 5 in Evocations
   196 | D        | HP: 14/97 [bone dragon (11)]
   201 | D        | HP: 24/97 [bone dragon (4)]
   205 | D        | Killed a bone dragon
   205 | D        | Reached skill level 9 in Fighting
   205 | D        | Reached skill level 13 in Maces & Flails
   205 | D        | Reached skill level 9 in Armour
   205 | D        | Reached skill level 7 in Evocations
   205 | D        | Reached XP level 10. HP: 49/110 MP: 11/15
   248 | D        | Entered arena 8.
   248 | D        | Noticed a water moccasin
   252 | D        | Killed a water moccasin
   270 | D        | Learned a level 2 spell: Blink
   272 | D        | Learned a level 1 spell: Apportation
   272 | D        | Entered arena 9.
   272 | D        | Noticed a giant amoeba
   272 | D        | Noticed a jelly
   272 | D        | Noticed a jelly
   272 | D        | Noticed a slime creature
   272 | D        | Noticed an eye of devastation
   272 | D        | Noticed a giant amoeba
   277 | D        | Killed a giant amoeba
   277 | D        | Reached skill level 10 in Fighting
   278 | D        | Killed a jelly
   279 | D        | Killed a jelly
   285 | D        | Killed an eye of devastation
   285 | D        | Reached skill level 14 in Maces & Flails
   285 | D        | Reached skill level 7 in Dodging
   287 | D        | Killed a giant amoeba
   290 | D        | Killed a slime creature
   294 | D        | Got the ring of Wiucail {rF+ Dex+4 Int+1}
   295 | D        | Entered arena 10.
   295 | D        | Noticed a basilisk
   295 | D        | Noticed a porcupine
   295 | D        | Noticed a crocodile
   295 | D        | Noticed a giant frog
   295 | D        | Noticed a crocodile
   295 | D        | Noticed a yak
   301 | D        | Killed a basilisk
   302 | D        | Killed a crocodile
   303 | D        | Killed a yak
   303 | D        | Reached skill level 1 in Translocations
   307 | D        | Killed a crocodile
   308 | D        | Killed a giant frog
   325 | D        | Killed a porcupine
   327 | D        | Entered arena 11.
   327 | D        | Noticed a thorn hunter
   327 | D        | Noticed an ancient bear
   327 | D        | Noticed a spriggan berserker
   327 | D        | Noticed a satyr
   327 | D        | Noticed a treant
   327 | D        | Noticed an oklob plant
   327 | D        | Noticed a spriggan rider
   327 | D        | Noticed a spriggan berserker
   328 | D        | Noticed a spriggan berserker
   328 | D        | Noticed a dryad
   342 | D        | Killed a spriggan berserker
   342 | D        | Reached skill level 2 in Translocations
   345 | D        | Killed a spriggan berserker
   345 | D        | Reached skill level 8 in Dodging
   345 | D        | Reached skill level 3 in Translocations
   345 | D        | Reached XP level 11. HP: 36/119 MP: 0/16
   346 | D        | HP: 25/119 [thorn hunter/volley of thorns (8)]
   347 | D        | Killed a spriggan berserker
   347 | D        | Reached skill level 10 in Armour
   348 | D        | Killed a satyr
   348 | D        | Killed a thorn hunter
   348 | D        | Reached skill level 15 in Maces & Flails
   348 | D        | Reached skill level 9 in Dodging
   348 | D        | Reached skill level 4 in Translocations
   351 | D        | Killed an ancient bear
   363 | D        | Killed a treant
   363 | D        | Reached skill level 5 in Translocations
   363 | D        | HP: 29/119 [spriggan rider/spear (5)]
   367 | D        | Killed a spriggan
   370 | D        | Killed a giant firefly
   370 | D        | Reached skill level 11 in Armour
   374 | D        | Killed an oklob plant
   376 | D        | Killed a dryad
   432 | D        | Entered arena 12.
   432 | D        | Noticed a shadow
   432 | D        | Noticed a necromancer
   432 | D        | Noticed a wight
   432 | D        | Noticed a vampire knight
   432 | D        | Noticed a skeletal warrior
   432 | D        | Noticed a wight
   432 | D        | Noticed a vampire knight
   433 | D        | Noticed a vampire mage
   438 | D        | Killed a wight
   441 | D        | Killed a shadow
   442 | D        | Killed a necromancer
   442 | D        | Reached skill level 10 in Dodging
   442 | D        | Reached skill level 1 in Spellcasting
   452 | D        | Killed a vampire knight
   457 | D        | Killed a vampire knight
   457 | D        | Reached skill level 16 in Maces & Flails
   457 | D        | Reached skill level 2 in Spellcasting
   457 | D        | Reached XP level 12. HP: 48/128 MP: 12/18
   459 | D        | Killed a skeletal warrior
   465 | D        | Killed a vampire mage
   465 | D        | Reached skill level 3 in Spellcasting
   467 | D        | Killed a wight
   479 | D        | Entered arena 13.
   479 | D        | Noticed a phoenix
   479 | D        | Noticed a daeva
   480 | D        | Noticed a cherub
   480 | D        | Noticed an apis
   480 | D        | Noticed an apis
   480 | D        | Noticed a daeva
   481 | D        | Noticed a daeva
   486 | D        | HP: 31/128 [daeva/divine providence (7)]
   487 | D        | HP: 12/128 [daeva/divine providence (6)]
   492 | D        | HP: 28/128 [apis (7)]
   494 | D        | Entered arena 14.
   494 | D        | Noticed a vampire knight
   494 | D        | Noticed a vampire mage
   494 | D        | Noticed a vampire
   495 | D        | Noticed a necrophage
   495 | D        | Noticed a wight
   495 | D        | Noticed a shadow
   495 | D        | Noticed a shadow
   495 | D        | Noticed a necromancer
   496 | D        | Noticed a lich
   496 | D        | Noticed a shadow
   496 | D        | Noticed a wight
   496 | D        | Noticed a skeletal warrior
   500 | D        | HP: 27/128 [lich (5)]
   502 | D        | Killed a lich
   502 | D        | Reached skill level 12 in Armour
   502 | D        | Reached skill level 11 in Dodging
   506 | D        | HP: 25/128 [bounced beam (2)]
   506 | D        | Killed a wight
   506 | D        | Killed a vampire
   506 | D        | Killed a shadow
   507 | D        | Killed a shadow
   507 | D        | Reached skill level 4 in Spellcasting
   511 | D        | Slain by a vampire knight

Vanquished Creatures
  A bone dragon (D)
  A lich (D)
  A thorn hunter (D)
  An ancient bear (D)
  A treant (D)
  2 vampire knights (D)
  A satyr (D)
  3 spriggan berserkers (D)
  A vampire mage (D)
  A dryad (D)
  A shadow demon (D)
  A skeletal warrior (D)
  A flayed ghost (D)
  A large abomination (D)
  3 giant amoebae (D)
  A necromancer (D)
  An oklob plant (D)
  An eye of devastation (D)
  A spriggan (D)
  A giant firefly (D)
  A slime creature (D)
  A basilisk (D)
  A vampire (D)
  A yak (D)
  4 shadows (D)
  A porcupine (D)
  A naga (D)
  A phantom (D)
  2 crocodiles (D)
  2 water moccasins (D)
  A giant frog (D)
  5 wights (D)
  3 jellies (D)
  3 quasits (D)
  An iron imp (D)
  3 adders (D)
  A green rat (D)
  A lemure (D)
  A white imp (D)
  2 ufetubi (D)
  3 giant eyeballs (D)
  A giant gecko (D)
  A jackal (D)
  4 oozes (D)
  5 ball pythons (D)
  A ball python skeleton (D)
  A giant cockroach zombie (D)
  2 giant gecko zombies (D)
  A goblin skeleton (D)
  A kobold skeleton (D)
  A rat skeleton (D)
  A rat zombie (D)
83 creatures vanquished.
